Map: Catalyst LE

Players

Gorgonoth - Winner!

  • Race: Protoss Protoss
  • League: Gold
  • Spawn Location: 5:00

Juxtapose

  • Race: Zerg Zerg
  • League: Platinum
  • Spawn Location: 11:00

VOD

https://youtu.be/9qYh-Xpim68

Description

Another very fun Unranked match that went much longer than my normal Ranked matches, my Protoss opponent played very smartly. It's not often I face one that plays defensively and macros and it worked very well for him.

I over-extended in a few battles, and I should have teched to Brood Lords much faster. Also getting Lurkers would have served much better as well.

Time

  • Played on: Jan. 22, 2018, 7:29 p.m.
  • Length: 21:14
Show
View Real Time Build Order
Export as new Build Order

Gorgonoth Protoss - Winner!

Build Orders: 1 Gate Expand 

Get SALT Encoding   

  12  0:00  Probe  
  13  0:13  Probe  
  14  0:20  Pylon  
  14  0:25  Probe  
  15  0:38  Probe (Chrono Boost)  
  16  0:44  Gateway  
  17  0:50  Assimilator, Probe (Chrono Boost)  
  17  0:57  Probe (Chrono Boost)  
  18  1:07  Probe  
  20  1:28  Nexus  
  19  1:37  Cybernetics Core  
  19  1:47  Pylon  
  19  1:49  Probe  
  20  1:54  Assimilator  
  20  2:01  Probe  
  21  2:15  Gateway, Adept (Chrono Boost)  
  21  2:18  Probe  
  24  2:28  Warp Gate (Chrono Boost)  
  24  2:30  Probe  
  25  2:39  Robotics Facility  
  25  2:42  Probe  
  26  2:48  Probe  
  29  2:51  Zealot (Chrono Boost)  
  29  2:58  Shield Battery  
  29  3:00  Probe  
  29  3:03  Probe  
  31  3:08  Zealot (Chrono Boost)  
  29  3:20  Zealot (Chrono Boost)  
  30  3:37  Immortal  
  30  3:38  Probe x2  
  36  3:47  Adept  
  38  3:53  Shield Battery  
  38  3:57  Probe x2  
  40  4:07  Pylon  
  40  4:09  Probe  
  41  4:18  Warp Prism (Chrono Boost)  
  41  4:19  Probe  
  44  4:28  Sentry  
  44  4:29  Sentry  
  49  4:31  Probe (Chrono Boost)  
  49  4:36  Probe (Chrono Boost)  
  50  4:41  Probe (Chrono Boost)  
  51  4:49  Observer (Chrono Boost)  
  51  4:51  Gateway x2  
  52  4:58  Stalker  
  54  5:06  Pylon  
  54  5:07  Pylon  
  54  5:09  Pylon  
  54  5:18  Assimilator  
  54  5:20  Assimilator  
  54  5:24  Probe x2  
  54  5:25  Immortal (Chrono Boost)  
  60  5:45  Sentry x2  
  64  5:53  Zealot x2  
  68  5:59  Probe x2  
  70  6:07  Immortal (Chrono Boost)  
  75  6:11  Probe x2  
  74  6:23  Probe x2  
  70  6:30  Stalker x2  
  70  6:31  Stalker x2  
  78  6:46  Pylon  
  78  6:48  Pylon  
  78  6:49  Pylon  
  78  6:55  Protoss Air Armor Level 1  
  78  6:57  Forge  
  78  7:05  Immortal  
  78  7:06  Twilight Council  
  82  7:15  Zealot  
  84  7:16  Zealot x3  
  90  7:37  Pylon  
  90  7:39  Sentry  
  90  7:42  Sentry  
  90  7:43  Sentry x2  
  90  7:44  Immortal, Charge (Chrono Boost)  
  102  7:46  Protoss Ground Weapons Level 1 (Chrono Boost)  
  102  8:01  Nexus  
  102  8:06  Pylon  
  102  8:21  Stalker  
  102  8:22  Stalker x2  
  102  8:23  Observer  
  105  8:40  Stalker  
  91  8:45  Observer (Chrono Boost)  
  86  8:58  Stalker x3  
  96  9:03  Immortal (Chrono Boost)  
  96  9:05  Templar Archives  
  96  9:21  Protoss Ground Armor Level 1 (Chrono Boost)  
  96  9:22  Probe x3  
  96  9:23  Shield Battery  
  99  9:25  Shield Battery  
  99  9:27  Gateway  
  99  9:38  Blink (Chrono Boost)  
  99  9:47  Immortal  
  103  9:53  Probe  
  103  9:54  Probe x2  
  106  10:01  Psionic Storm  
  106  10:06  Assimilator, Probe  
  107  10:10  Assimilator  
  107  10:25  Gateway  
  107  10:29  Probe x3  
  107  10:32  Zealot x2  
  107  10:33  Zealot x2  
  118  10:42  Immortal  
  122  11:04  Stalker x3  
  122  11:05  Stalker  
  122  11:09  Observer  
  130  11:14  Pylon  
  130  11:15  Pylon  
  130  11:16  Gateway  
  130  11:18  Pylon  
  130  11:20  Probe (Chrono Boost)  
  133  11:26  Probe x2 (Chrono Boost)  
  133  11:33  Observer  
  134  11:49  Zealot  
  134  11:53  Zealot x3  
  134  11:54  Zealot  
  144  11:55  Observer  
  124  12:16  Immortal  
  124  12:18  Stalker x5  
  122  12:29  Zealot  
  116  12:47  Nexus  
  116  12:50  Pylon  
  116  12:53  Assimilator  
  116  12:54  Protoss Ground Armor Level 2 (Chrono Boost)  
  116  12:57  Assimilator  
  116  12:58  Probe x3  
  119  13:10  Forge  
  119  13:11  High Templar x5  
  119  13:12  High Templar  
  130  13:20  Immortal  
  130  13:25  Archon x2  
  130  13:26  Archon  
  134  13:34  Gateway  
  134  13:41  Gateway  
  133  13:50  High Templar x3  
  133  13:51  High Templar x4  
  133  13:53  Protoss Ground Weapons Level 2 (Chrono Boost)  
  147  14:05  Shield Battery  
  147  14:06  Shield Battery  
  147  14:10  Pylon x2  
  147  14:11  Archon x3  
  148  14:17  Observer (Chrono Boost)  
  148  14:25  Resonating Glaives  
  148  14:31  Observer (Chrono Boost)  
  148  14:37  Probe x4  
  153  14:44  Nexus  
  153  14:47  Pylon  
  153  14:49  Probe, Pylon  
  153  14:50  Observer  
  153  14:51  High Templar x6  
  153  14:52  High Templar  
  169  14:53  Assimilator  
  169  14:55  Zealot x2  
  169  14:57  Archon x2, Assimilator  
  169  14:59  Pylon  
  173  15:11  Observer  
  174  15:15  Protoss Ground Armor Level 3 (Chrono Boost)  
  174  15:32  Observer  
  175  15:46  Shield Battery  
  175  15:47  Shield Battery  
  175  15:49  Gateway  
  175  15:50  Gateway  
  175  15:52  Gateway  
  175  15:53  Photon Cannon  
  111  16:35  Stalker x2  
  111  16:36  Stalker x3  
  111  16:37  Stalker  
  111  16:38  Stalker x3  
  129  16:41  Probe x4  
  129  16:42  Probe  
  134  16:53  Probe x2  
  136  17:03  Gateway  
  136  17:07  Gateway, High Templar  
  138  17:10  High Templar  
  138  17:12  High Templar  
  138  17:13  High Templar x6  
  154  17:18  Archon x2  
  154  17:19  Archon  
  155  17:30  Observer (Chrono Boost)  
  155  17:46  Observer (Chrono Boost)  
  155  17:49  Zealot x8  
  155  17:50  Zealot  
  174  17:59  Protoss Shields Level 1 (Chrono Boost), Protoss Ground Weapons Level 3 (Chrono Boost)  
  174  18:00  Immortal (Chrono Boost)  
  178  18:10  Zealot x2  
  182  18:26  Zealot x6  
  182  18:27  Zealot x3  
  200  18:37  Observer  
  199  19:35  Warp Prism  
Show
View Real Time Build Order
Export as new Build Order

Juxtapose Zerg 

Build Orders: Hatch First 

Get SALT Encoding   

  12  0:01  Drone  
  13  0:08  Drone  
  14  0:17  Overlord  
  14  0:35  Drone x2  
  16  0:52  Hatchery  
  16  0:54  Drone  
  16  1:02  Extractor  
  16  1:04  Drone  
  16  1:15  Spawning Pool  
  15  1:21  Drone  
  16  1:25  Overlord  
  16  1:29  Drone  
  17  1:34  Drone  
  18  1:45  Drone  
  19  1:57  Drone  
  20  2:04  Queen  
  20  2:08  Zergling x4  
  24  2:16  Zergling x2  
  24  2:17  Zergling x2  
  24  2:21  Queen  
  28  2:28  Zergling x2, Drone  
  30  2:40  Overlord  
  30  2:42  Drone  
  31  2:55  Drone  
  31  2:56  Drone  
  33  3:03  Extractor  
  31  3:16  Zergling x2  
  31  3:17  Zergling x4, Drone  
  33  3:35  Drone x7  
  40  3:47  Spore Crawler  
  39  3:50  Spore Crawler  
  39  3:51  Drone x5  
  43  4:05  Roach Warren  
  42  4:19  Drone  
  42  4:20  Drone  
  42  4:22  Overlord  
  44  4:30  Lair  
  44  4:35  Overlord  
  44  4:38  Evolution Chamber  
  43  4:51  Roach x4  
  43  4:52  Overlord x2  
  51  5:03  Queen  
  51  5:06  Overlord  
  53  5:07  Roach x2  
  53  5:08  Roach, Overlord  
  53  5:12  Zerg Missile Weapons Level 1  
  59  5:15  Ravager x3  
  62  5:27  Roach x4  
  70  5:33  Overseer  
  70  5:34  Overseer  
  70  5:38  Overseer  
  70  6:16  Drone x4  
  69  6:27  Roach x3  
  69  6:28  Roach x2  
  79  6:45  Extractor  
  79  6:46  Extractor, Drone x3  
  80  6:47  Roach x4  
  80  6:48  Roach x2  
  92  6:55  Hydralisk Den  
  92  7:01  Overlord x3  
  91  7:16  Zerg Ground Armor Level 1  
  91  7:18  Queen  
  93  7:36  Drone x4  
  93  7:37  Drone  
  98  7:43  Hydralisk x4  
  106  7:45  Overlord x2  
  106  7:46  Zergling x2  
  107  7:55  Burrow  
  107  7:59  Hatchery  
  106  8:13  Drone  
  106  8:17  Hydralisk x2  
  106  8:18  Hydralisk x3  
  63  8:52  Hydralisk  
  63  8:53  Hydralisk x4  
  71  9:05  Overseer x3  
  71  9:34  Infestation Pit  
  71  9:35  Hydralisk, Roach x2  
  71  9:36  Hydralisk x4, Roach x2  
  71  9:37  Zergling x6  
  91  9:39  Metabolic Boost  
  91  10:01  Zerg Missile Weapons Level 2  
  91  10:09  Drone  
  91  10:10  Drone x3  
  91  10:11  Hydralisk, Roach x5  
  91  10:12  Hydralisk x2  
  111  10:17  Extractor  
  110  10:22  Extractor  
  110  10:28  Drone x5  
  112  10:30  Overlord x2  
  112  10:31  Overlord  
  114  10:48  Overlord x2  
  114  10:53  Ravager x2  
  114  10:54  Ravager  
  114  10:55  Drone  
  114  10:56  Drone x4, Overlord  
  122  10:57  Zergling x2  
  122  10:58  Zergling x2  
  122  11:01  Hive  
  124  11:23  Zergling x2  
  124  11:24  Zergling x16  
  124  11:25  Zergling x6  
  136  11:28  Drone  
  137  11:35  Spore Crawler  
  136  11:45  Hydralisk x3  
  136  11:46  Hydralisk x2  
  125  12:17  Zerg Ground Armor Level 2  
  99  12:29  Zergling x4  
  87  12:30  Zergling x14  
  87  12:31  Hydralisk, Zergling x4, Roach  
  87  12:32  Hydralisk x2, Roach x3  
  106  12:43  Drone  
  107  13:02  Spire  
  107  13:04  Hatchery  
  105  13:17  Overseer x2  
  105  13:36  Zergling x6  
  105  13:37  Zergling x10  
  113  13:47  Muscular Augments  
  113  13:48  Glial Reconstitution  
  113  14:07  Zergling x10  
  118  14:17  Mutalisk x5  
  118  14:18  Drone  
  118  14:19  Drone x5  
  118  14:20  Overlord x2  
  118  14:21  Zergling x4  
  136  14:33  Zerg Flyer Weapons Level 1, Zerg Melee Weapons Level 1  
  136  14:45  Mutalisk x6  
  148  15:06  Extractor, Drone x3  
  148  15:07  Extractor, Mutalisk x2  
  149  15:08  Mutalisk x7  
  149  15:14  Overlord x2  
  167  15:30  Drone  
  167  15:32  Overlord x2  
  167  15:33  Drone x4  
  172  15:38  Zergling x4  
  172  15:39  Zergling x10  
  73  16:35  Corruptor x6  
  73  16:36  Mutalisk x3, Corruptor x3  
  73  16:37  Mutalisk x5  
  73  16:38  Corruptor x3  
  113  17:11  Greater Spire  
  113  17:13  Zerg Melee Weapons Level 2  
  113  17:14  Zergling x4  
  113  17:15  Zergling x6  
  118  17:16  Hydralisk x4  
  118  17:17  Hydralisk x4  
  134  17:48  Mutalisk  
  134  17:49  Mutalisk x3  
  134  17:50  Corruptor x3  
  134  17:51  Hatchery  
  147  17:52  Hydralisk x2  
  147  17:53  Hydralisk x3  
  157  18:31  Overseer x3  
  157  18:32  Overlord x5  
  157  18:33  Zergling x10  
  157  18:34  Zergling x14  
  165  18:35  Zergling x8  
  173  18:42  Queen  
  175  19:22  Pneumatized Carapace  
  175  19:30  Zergling x6  
  175  19:31  Zergling x6, Mutalisk x5  
  180  19:32  Mutalisk  
  180  19:33  Drone x5  
  197  19:39  Extractor  
  197  19:41  Extractor  
  195  19:51  Brood Lord  
Tags
 
Add a new tag
Caveats
  • Supply blocks, unpowered buildings, or Contaminate may cause inaccurate times.
  • Supply counts are checked every 10 seconds.